 Dungeon Crawl Stone Soup version 0.21-a0-150-gc243083 (webtiles) character file.

377 drasked the Ruffian (level 6, -3/61 HPs)
             Began as a Troll Monk on July 27, 2017.
             Slain by Menkaure (21 damage)
             ... on level 4 of the Dungeon.
             The game lasted 00:04:41 (2396 turns).

drasked the Ruffian (Troll Monk)                    Turns: 2396, Time: 00:04:42

Health: -3/61      AC:  5    Str: 22    XL:     6   Next: 45%
Magic:  5/5        EV: 10    Int:  6    God:
Gold:   249        SH:  0    Dex: 12    Spells: 5/5 levels left

rFire    . . .     SeeInvis .     - Unarmed
rCold    . . .     Gourm    +   (no shield)
rNeg     . . .     Faith    .   a - +0 robe
rPois    .         Spirit   .   (helmet restricted)
rElec    .         Reflect  .   (no cloak)
rCorr    .         Harm     .   (gloves unavailable)
MR       .....                  (boots unavailable)
Stlth    +.........             (no amulet)
HPRegen  0.60/turn              (no ring)
MPRegen  0.09/turn              (no ring)

@: drained
A: unfitting armour, claws 3, fast metabolism 3, gourmand, regeneration 1,
shaggy fur 1, tough skin 2
a: no special abilities


You were on level 4 of the Dungeon.
You were very full.

You visited 1 branch of the dungeon, and saw 4 of its levels.

You collected 249 gold pieces.

Inventory:

Armour
 a - a +0 robe (worn)
Wands
 n - a wand of confusion (16/48)
   (You took it off Ijyb on level 4 of the Dungeon)
Scrolls
 c - 2 scrolls of magic mapping {unknown}
 f - a scroll of teleportation {unknown}
 i - a scroll of noise {unknown}
 k - 3 scrolls of remove curse {unknown}
 o - a scroll of random uselessness {unknown}
 p - a scroll of immolation {unknown}
 q - 3 scrolls of fog {unknown}
 u - a scroll of identify {unknown}
Potions
 d - a potion of lignification {unknown}
 e - 2 potions of curing
 g - 2 potions of mutation {unknown}
 h - 2 potions of heal wounds {unknown}
 l - a potion of invisibility {unknown}
 s - a potion of brilliance {unknown}
 t - a potion of flight {unknown}
Comestibles
 b - 3 bread rations {@e1}
 j - 3 meat rations {@e2}
 m - 2 royal jellies
 r - 3 fruits
 v - a chunk of flesh {@w0}


   Skills:
 + Level 3.4(2.6) Fighting
 + Level 3.4(2.5) Dodging
 - Level 1.0(0.2) Stealth
 * Level 5.9(5.0) Unarmed Combat


You had 5 spell levels left.
You didn't know any spells.

Dungeon Overview and Level Annotations

Branches:
Dungeon (4/15)
 Temple: D:4-7

Altars:

Annotations:
D:4 Menkaure


Innate Abilities, Weirdness & Mutations

You are too large for most types of armour.
You have claws for hands.
Your metabolism is lightning-fast.
You like to eat raw meat.
Your natural rate of healing is unusually fast.
You are covered in fur. (AC +1)
You have very tough skin. (AC +2)


Message History

a leather armour; the goblin corpse of Ijyb You butcher the goblin corpse of Ijyb.
v - 2 chunks of flesh {@w0}
Things that are here:
a leather armour; the goblin skeleton of Ijyb Eating one of 2 chunks of flesh {@w0}.
You eat one of the 2 chunks of flesh {@w0}.
This raw flesh tastes great.
b - 3 bread rations {@e1} (gained 1)
There is a stone staircase leading up here.
A jackal and a skeleton come into view.
The jackal barks!
A jackal comes into view.
There are monsters nearby!
A jackal comes into view.
The jackal barks! x2
You claw the jackal skeleton!
You destroy the jackal skeleton!
You scratch the jackal. The jackal closely misses you.
Edmund the Younger comes into view.
He is wielding a dire flail of draining.
The jackal bites you.
You take 2 damage, and have 51/53 hp.
You scratch the jackal but do no damage.
The jackal barely misses you.
You barely miss the jackal.
The jackal bites you but does no damage.
You scratch the jackal. The jackal bites you.
You take 2 damage, and have 50/53 hp.
You closely miss the jackal.
The jackal bites you but does no damage. x2
You scratch the jackal.
You kill the jackal!
The jackal misses you.
Edmund shouts!
You scratch the jackal.
The jackal bites you but does no damage.
You barely miss the jackal.
The jackal bites you but does no damage.
You claw the jackal!
You kill the jackal!
The jackal barely misses you.
Health restored: 53 You claw the jackal!
You kill the jackal!
You scratch Edmund.
Edmund hits you with a dire flail of draining!
You feel drained.
You take 11 damage, and have 42/53 hp.
MASSIVE DAMAGE!!
You barely miss Edmund. You closely miss Edmund. Edmund closely misses you.
You barely miss Edmund.
Edmund hits you with a dire flail of draining!
You feel drained.
You take 12 damage, and have 31/53 hp.
MASSIVE DAMAGE!!
You are too injured to fight recklessly!
You are too injured to fight recklessly!
You are too injured to fight recklessly!
You are too injured to fight recklessly!
You are too injured to fight recklessly!
You are too injured to fight recklessly!
You are too injured to fight recklessly!
You claw Edmund! Edmund completely misses you.
You barely miss Edmund. Edmund barely misses you.
You mangle Edmund!!
You hear a shout!
Edmund hits you with a dire flail of draining.
You feel drained.
Menkaure, Prince of Dust comes into view.
You take 1 damage, and have 31/53 hp.
You scratch Edmund but do no damage. You claw Edmund!
Edmund hits you with a dire flail of draining.
You feel drained.
You take 2 damage, and have 29/53 hp.
You barely miss Edmund.
Edmund hits you with a dire flail of draining.
You feel drained. Menkaure breathes soot at you.
Menkaure calls on the powers of darkness!
Edmund convulses!
Your body is wracked with pain!
* * * LOW HITPOINT WARNING * * *
You take 16 damage, and have 13/53 hp.
MASSIVE DAMAGE!!
You barely miss Edmund. Edmund closely misses you.
Unknown command.
You closely miss Edmund. Edmund completely misses you.
Unknown command.
You claw Edmund!
You kill Edmund!
You have reached level 6!
Your experience leads to an increase in your attributes!
Increase (S)trength, (I)ntelligence, or (D)exterity?
You feel stronger. x2
You regained 3 hp, and now have 17/61 hp.
MP restored: 5 You scratch Menkaure.
Menkaure hits you!!
You die...

..# #@# #.# #.#
#h#
..#####.#######
##
...............
..
#.#############
#.
#.M@..........#
.
#############.#
# #.# #
#.######
#.##....
#.##...#
#......#
####...# #..##


You could see Menkaure.

Vanquished Creatures
  Edmund (D:4)
  2 orc priests (D:3)
  2 orc wizards
  Ijyb (D:4)
  Robin (D:2)
  3 adders (D:2)
  3 worms
  A dart slug (D:2)
  4 orcs (D:3)
  4 giant cockroaches
  13 goblins
  8 hobgoblins
  7 jackals
  A quokka (D:2)
  9 bats
  3 frilled lizards
  A jackal skeleton (D:4)
  3 kobolds
  3 rats
70 creatures vanquished.

Notes
Turn   | Place    | Note
-------+----------+-------------------------------------------
     0 | D:1      | drasked the Troll Monk began the quest for the Orb.
     0 | D:1      | Reached XP level 1. HP: 22/22 MP: 0/0
   376 | D:1      | Reached XP level 2. HP: 24/29 MP: 1/1
   760 | D:2      | Reached XP level 3. HP: 36/36 MP: 2/2
  1006 | D:2      | Reached skill level 4 in Unarmed Combat
  1007 | D:2      | Noticed Robin
  1038 | D:2      | Killed Robin
  1152 | D:2      | Reached XP level 4. HP: 37/44 MP: 3/3
  1658 | D:3      | Reached skill level 3 in Fighting
  1658 | D:3      | Reached skill level 3 in Dodging
  1658 | D:3      | Reached XP level 5. HP: 53/53 MP: 4/4
  1708 | D:3      | Reached skill level 5 in Unarmed Combat
  2297 | D:4      | Noticed Ijyb
  2310 | D:4      | Killed Ijyb
  2372 | D:4      | Noticed Edmund
  2390 | D:4      | Noticed Menkaure
  2392 | D:4      | HP: 13/53 [??? (11)]
  2395 | D:4      | Killed Edmund
  2395 | D:4      | Reached XP level 6. HP: 17/61 MP: 5/5
  2396 | D:4      | Slain by Menkaure

Vault maps used:
D:1:      lemuel_arrival_lava_pool, hangedman_abyss_or_decor_stabs
D:2:      minmay_misc_feat_x, uniq_robin
D:3:      kennysheep_generic_room_9
D:4:      lemuel_coloured_pillars_altar, amethyst_overflow_temple_binary,
          gammafunk_temple_overflow_wave, uniq_menkaure, uniq_ijyb, uniq_edmund,
          uniq_pikel

Skill      XL: |  1  2  3  4  5 |
---------------+----------------+-----
Unarmed Combat | 4 5 |  5.9
Fighting       | 3 |  3.4
Dodging        | 3 |  3.4
Stealth        | |  1.0

Action                   |  1- 3 |  4- 6 || total
-------------------------+-------+-------++-------
Melee: Unarmed           |    77 |   121 ||   198
       Punch             |     2 |     2 ||     4
 Stab: Sleeping          |     3 |     1 ||     4
  Eat: Chunk             |    16 |    11 ||    27
Armor: Robe              |    22 |    40 ||    62
Dodge: Dodged            |    32 |    64 ||    96

Vault maps used:
D:1:      lemuel_arrival_lava_pool, hangedman_abyss_or_decor_stabs
D:2:      minmay_misc_feat_x, uniq_robin
D:3:      kennysheep_generic_room_9
D:4:      lemuel_coloured_pillars_altar, amethyst_overflow_temple_binary,
          gammafunk_temple_overflow_wave, uniq_menkaure, uniq_ijyb, uniq_edmund,
          uniq_pikel

Table legend:
 A = Turns spent in this place as a percentage of turns spent in the entire game.
 B = Non-inter-level travel turns spent in this place as a percentage of non-inter-level travel turns spent in the entire game.
 C = Inter-level travel turns spent in this place as a percentage of turns spent in this place.
 D = Turns resting spent in this place as a percentage of non-inter-level travel turns spent in this place.
 E = Turns spent auto-exploring this place as a percentage of non-inter-level travel turns spent in this place.
 F = Non-inter-level travel turns spent in this place divided by the number of levels of this place that you've seen.
                   A       B       C       D       E      F
               +-------+-------+-------+-------+-------+----------------------
         Total | 100.0 | 100.0 |   0.5 |   1.8 |   9.3 | 251.5
       Dungeon | 100.0 | 100.0 |   0.5 |   1.8 |   9.3 | 251.5
               +-------+-------+-------+-------+-------+----------------------

Table legend:
 A = Kills in this place as a percentage of kills in entire the game.
 B = Kills by you in this place as a percentage of kills by you in the entire game.
 C = Kills by friends in this place as a percentage of kills by friends in the entire game.
 D = Other kills in this place as a percentage of other kills in the entire game.
 E = Experience gained in this place as a percentage of experience gained in the entire game.
 F = Experience gained in this place divided by the number of levels of this place that you have seen.
                   A       B       C       D       E      F
               +-------+-------+-------+-------+-------+----------------------
         Total | 100.0 | 100.0 |  -nan |  -nan | 100.0 | 134.8
       Dungeon | 100.0 | 100.0 |  -nan |  -nan | 100.0 | 134.8
               +-------+-------+-------+-------+-------+----------------------
